cohdb
Replays
Latest Replays
All Replays
Popular Replays
Top Player Replays
Match Explorer
How It Works
Community
CoH3 Stats
Reddit
Sign in to upload your games and track your stats! →
Sign in with Steam
Match 45747089
Unlisted
Match 45747089
Overview
Messages
Build Orders
End
Construct Barracks
Selects Special Operations Battlegroup
Riflemen Squad
Riflemen Squad
Riflemen Squad
Selects M29 Weasel with M1 Pack Howitzer
M29 Weasel with M1 Pack Howitzer
Grenade Package
Construct Weapon Support Center
M29 Weasel with M1 Pack Howitzer
Mechanized Support Center
Construct Medical Station
Construct Motor Pool
Selects P-47 Anti-Infantry Loiter
P-47 Anti-Infantry Loiter
M1 Anti-tank Gun Team
M1 Anti-tank Gun Team
AI Takeover
Beretta
S1L
我先撤你顶上
⁂ㅣdriftx13
JIaBKuH
Wilhelm
Mortal Coil
温拾壹
0
0
Comments
sign in to comment!
No comments posted yet!